 Dungeon Crawl Stone Soup version 0.31-a0-986-g5e6e4ef867 (webtiles) character file.

Game seed: 8467643962016468269

84 Xavori the Trooper (level 4, -2/35 HPs)
             Began as a Djinni Chaos Knight on Nov 15, 2023.
             Was a Plaything of Xom.
             Slain by an orc
             ... wielding a +4 trident
              (10 damage)
             ... on level 3 of the Dungeon.
             The game lasted 00:02:14 (5912 turns).

Xavori the Trooper (Djinni Chaos Knight)            Turns: 5912, Time: 00:02:15

Health: -2/35      AC:  5    Str: 14    XL:     4   Next: 74%
Gold:   104        EV: 12    Int: 16    God:    Xom [...*..] SH:  0 Dex: 11

rFire   + + .        a - +0 falchion (chaos)
rCold   x . .        (no shield)
rNeg    . . .        b - +2 leather armour
rPois   ∞            (helmet restricted)
rElec   +            (no cloak)
rCorr   .            (no gloves)
SInv    +            (boots unavailable)
Will    .....        (no amulet)
Stlth   +            (no ring)
HPRegen 0.25/turn    (no ring)
MPRegen 0.00/turn

%: infuse magic (-3 HP)
@: brilliant, flying
A: sickness immunity, fire resistance 2, cold vulnerability 1, float, innate
caster, HP casting, extra vitality 1, antennae 1, claws 1, fangs 1, see
invisible, clever 1, clumsy 1, mutation resistance 1, sense surroundings 1,
electricity resistance, strong 1, inability to drink after injury 1, MP-powered
wands
a: Renounce Religion


You were on level 3 of the Dungeon.
You worshipped Xom.
You were a favourite toy of Xom.
You visited 1 branch of the dungeon, and saw 3 of its levels.

You collected 104 gold pieces.

Inventory:

Hand Weapons
 a - a +0 falchion of chaos (weapon)
Armour
 b - a +2 leather armour (worn)
 p - a +1 helmet
Wands
 j - a wand of paralysis (5)
Scrolls
 c - a scroll of butterflies
 d - a scroll of summoning {unknown}
 e - a scroll of torment {unknown}
 f - a scroll of enchant weapon {unknown}
 m - a scroll of blinking {unknown}
 n - a scroll of silence {unknown}
 q - a scroll of noise {unknown}
 r - a scroll of teleportation {unknown}
Potions
 g - a potion of mutation {unknown}
 h - a potion of might {unknown}
 i - a potion of curing {unknown}
 k - a potion of brilliance {unknown}
 l - a potion of attraction {unknown}
 o - a potion of resistance {unknown}


   Skills:
 + Level 3.4 Fighting
 + Level 3.1 Long Blades
 + Level 1.8 Armour
 + Level 2.8 Dodging
 * Level 1.2 Spellcasting
 * Level 1.2 Conjurations
 * Level 1.2 Hexes
   Level 0.0 Charms
 * Level 1.2 Summonings
 * Level 1.2 Necromancy
 * Level 1.2 Translocations
 * Level 1.2 Transmutations
 * Level 1.2 Fire Magic
 * Level 1.2 Ice Magic
 * Level 1.2 Air Magic
 * Level 1.2 Earth Magic
 * Level 1.2 Poison Magic


You knew the following spells:

 Your Spells              Type           Power      Damage    Failure   Level
a - Summon Small Mammal   Summ           28%        N/A       17%         1
Your spell library was empty.

Dungeon Overview and Level Annotations

Branches:
Dungeon (3/15)

Altars:


Innate Abilities, Weirdness & Mutations

You are immune to sickness and miasma.
You are immune to poison.
Your flesh is very heat resistant. (rF++)
You are vulnerable to cold. (rC-)
You float through the air rather than walking.
You learn spells naturally, not from books.
Your magical power is your life essence.
You have superior vitality. (+4 MHP)
You have a pair of small antennae on your head.
You have sharp fingernails.
You have very sharp teeth.
You have supernaturally acute eyesight. (SInv)
Your mind is acute. (Int +4, Str/Dex -1)
You are clumsy. (Dex -2)
You are somewhat resistant to further mutation.
You passively map a small area around you.
You are resistant to electric shocks. (rElec)
Your muscles are strong. (Str +4, Int/Dex -1)
You occasionally lose the ability to drink potions when taking damage.
You expend health (3 HP) to strengthen your wands.


Message History

The orc is almost dead.
An orc comes into view. It is wielding a +0 hand axe.
The orc hits you with a +0 falchion!
You closely miss the orc.
The orc is almost dead.
The orc closely misses you.
You hit the orc.
You kill the orc!
You barely miss the orc. Xom smiles on you.
You feel clever all of a sudden. The orc misses you.
The orc hits you from afar with a +4 trident.
You slash the orc!
You kill the orc!
The orc barely misses you.
You hit the hobgoblin.
The hobgoblin is severely wounded.
The orc hits you from afar with a +4 trident.
The hobgoblin closely misses you.
You hit the hobgoblin but do no damage.
The hobgoblin is severely wounded.
The orc hits you from afar with a +4 trident.
The hobgoblin misses you.
The hobgoblin hits you but does no damage.
The orc hits you from afar with a +4 trident.
You are too injured to fight recklessly!
You closely miss the hobgoblin. Your bite misses the hobgoblin.
The hobgoblin is severely wounded.
An orc comes into view. It is wielding a +0 dagger.
The hobgoblin hits you but does no damage.
The orc hits you from afar with a +4 trident.
* * * LOW HITPOINT WARNING * * *
You are too injured to fight recklessly!
The orc shouts!
You hit the hobgoblin.
The hobgoblin is poisoned.
The hobgoblin is almost dead.
You kill the hobgoblin!
The orc hits you from afar with a +4 trident!
You die...

### ##.####
......##################
*
......##........@o$o....
......##.#########o.....
.........# *,##### *
......#### * ......# ,*
......# * * *,
##.#...... , , , *
#.#.##### * *, * #.#.#
*,


You could see 3 orcs.

Vanquished Creatures
  2 adders (D:2)
  A dart slug (D:2)
  6 orcs (D:3)
  2 bats
  7 endoplasms
  4 goblins
  7 hobgoblins
  3 quokkas
  7 ball pythons
  A frilled lizard (D:1)
  10 kobolds
  5 rats
55 creatures vanquished.

Notes
Turn   | Place    | Note
-------+----------+-------------------------------------------
     0 | D:1      | Xavori the Djinni Chaos Knight began the quest for the Orb.
     0 | D:1      | Reached XP level 1. HP: 20/20 MP: 0/0
   158 | D:1      | Reached XP level 2. HP: 25/25 MP: 0/0
   160 | D:1      | XOM: cast spell 'Summon Small Mammal'
   462 | D:1      | Reached XP level 3. HP: 24/30 MP: 0/0
   462 | D:1      | Learned a level 1 spell: Summon Small Mammal
   495 | D:1      | XOM: give mutations
   495 | D:1      | Gained mutation: You have a pair of small antennae on your
                  | head. [Xom's mischief]
   495 | D:1      | Gained mutation: You are clumsy. (Dex -2) [Xom's mischief]
   495 | D:1      | Gained mutation: You have sharp fingernails. [Xom's
                  | mischief]
   495 | D:1      | Gained mutation: You are very vulnerable to cold. (rC--)
                  | [Xom's mischief]
   570 | D:1      | XOM: 1-stop teleportation journey
   686 | D:1      | XOM: give mutations
   686 | D:1      | Lost mutation: You are very vulnerable to cold. (rC--)
                  | [Xom's mischief]
   686 | D:1      | Gained mutation: You occasionally lose the ability to drink
                  | potions when taking damage. [Xom's mischief]
   968 | D:1      | XOM: give mutation
   968 | D:1      | Gained mutation: You have supernaturally acute eyesight.
                  | (SInv) [Xom's grace]
  1554 | D:1      | XOM: god gift: blackened fluorescent wand {god gift}
  1912 | D:1      | XOM: god gift: pink potion {god gift}
  2054 | D:1      | XOM: cloud trail
  2540 | D:1      | XOM: god gift: long sword {god gift}
  2869 | D:1      | XOM: give mutations
  2869 | D:1      | Gained mutation: You passively map a small area around you.
                  | [Xom's grace]
  2869 | D:1      | Gained mutation: You expend health (3 HP) to strengthen
                  | your wands. [Xom's grace]
  2869 | D:1      | Gained mutation: Your muscles are strong. (Str +4, Int/Dex
                  | -1) [Xom's grace]
  2870 | D:1      | XOM: stat loss: -1 Dex (10/11)
  3292 | D:1      | XOM: give mutations
  3292 | D:1      | Gained mutation: You are somewhat resistant to further
                  | mutation. [Xom's grace]
  3292 | D:1      | Gained mutation: You are resistant to electric shocks.
                  | (rElec) [Xom's grace]
  3711 | D:1      | XOM: cloud trail
  4274 | D:1      | XOM is BORED!
  4663 | D:1      | XOM: give mutations
  4663 | D:1      | Gained mutation: Your mind is acute. (Int +4, Str/Dex -1)
                  | [Xom's grace]
  4663 | D:1      | Gained mutation: You have very sharp teeth. [Xom's grace]
  4773 | D:2      | XOM: scenery: 3 doors open, 1 doors close
  4777 | D:2      | XOM: enchant monster (bad)
  5087 | D:2      | XOM: cast spell 'Chain of Chaos'
  5092 | D:2      | Reached skill level 1 in Spellcasting
  5092 | D:2      | Reached skill level 1 in Conjurations
  5092 | D:2      | Reached skill level 1 in Hexes
  5092 | D:2      | Reached skill level 1 in Summonings
  5092 | D:2      | Reached skill level 1 in Necromancy
  5092 | D:2      | Reached skill level 1 in Translocations
  5092 | D:2      | Reached skill level 1 in Transmutations
  5092 | D:2      | Reached skill level 1 in Fire Magic
  5092 | D:2      | Reached skill level 1 in Ice Magic
  5092 | D:2      | Reached skill level 1 in Air Magic
  5092 | D:2      | Reached skill level 1 in Earth Magic
  5092 | D:2      | Reached skill level 1 in Poison Magic
  5117 | D:2      | Reached XP level 4. HP: 31/35 MP: 0/0
  5222 | D:2      | XOM: god gift: 3 stones
  5793 | D:3      | XOM: god gift: scroll labelled CUBOMM OCLO {god gift}
  5907 | D:3      | XOM: potion effect (brilliance)
  5912 | D:3      | Slain by an orc

Illustrated notes

Levels and vault maps discovered:
D:1:      amcnicky_arrival_choice, layout_basic, minmay_close_crescents
D:2:      layout_basic
D:3:      layout_loops_ring, minivault_5, guppyfry_early_lair_pool

Skill      XL: |  1  2  3 |
---------------+----------+-----
Long Blades    | 3 |  3.1
Spellcasting   | 1 |  1.2
Conjurations   | 1 |  1.2
Hexes          | 1 |  1.2
Summonings     | 1 |  1.2
Necromancy     | 1 |  1.2
Translocations | 1 |  1.2
Transmutations | 1 |  1.2
Fire Magic     | 1 |  1.2
Ice Magic      | 1 |  1.2
Air Magic      | 1 |  1.2
Earth Magic    | 1 |  1.2
Poison Magic   | 1 |  1.2
Fighting       | |  3.4
Armour         | |  1.8
Dodging        | |  2.8

Action                     |  1- 3 |  4- 6 || total
---------------------------+-------+-------++-------
  Melee: Falchion          |    97 |    55 ||   152
         Bite              |     2 |     7 ||     9
         Punch             |     1 |     1 ||     2
    Use: Scroll            |       |     1 ||     1
   Stab: Distracted        |     1 |       ||     1
         Paralysed         |     1 |       ||     1
         Confused          |       |     1 ||     1
 Armour: Leather armour    |    58 |    31 ||    89
  Dodge: Dodged            |    63 |    39 ||   102

Table legend: (Time is in decaauts)
 A = Elapsed time spent in this place.
 B = Non-inter-level travel time spent in this place.
 C = Inter-level travel time spent in this place.
 D = Time resting spent in this place.
 E = Time spent auto-exploring this place.
 F = Levels seen in this place.
 G = Mean time per level.
                   A        B        C        D        E       F      G
               +--------+--------+--------+--------+--------+-----+--------+
         Total |   5936 |   5907 |     29 |   4038 |   1516 |   3 | 1978.7 |
       Dungeon |   5936 |   5907 |     29 |   4038 |   1516 |   3 | 1978.7 |
               +--------+--------+--------+--------+--------+-----+--------+

Top non-repeatable levels by time:
     D:1: 4771 daAuts
     D:2: 924 daAuts
     D:3: 239 daAuts
